 Dungeon Crawl Stone Soup version 0.22-a0-460-g49b1da7e92 (webtiles) character file.

3098 Oravi the Ducker (level 9, -6/54 HPs)
             Began as a Tengu Air Elementalist on June 9, 2018.
             Was a Follower of Vehumet.
             Killed from afar by Erica (20 damage)
             ... with a bolt of poison
             ... on level 8 of the Dungeon.
             The game lasted 01:02:05 (11732 turns).

Oravi the Ducker (Tengu Air Elementalist)          Turns: 11732, Time: 01:02:06

Health: -6/54      AC:  8    Str: 10    XL:     9   Next: 90%
Magic:  4/17       EV: 17    Int: 17    God:    Vehumet [*.....]
Gold:   348        SH:  7    Dex: 15    Spells: 1/17 levels left

rFire    . . .     SeeInvis .   h - +0 hand axe
rCold    . . .     Gourm    +   E - +2 buckler {AC+3}
rNeg     + . .     Faith    .   q - +1 robe
rPois    .         Spirit   .   (helmet restricted)
rElec    .         Reflect  .   (no cloak)
rCorr    .         Harm     .   p - +1 pair of gloves
MR       .....                  (boots unavailable)
Stlth    ++........             u - amulet of the gourmand
HPRegen  0.18/turn              n - ring of positive energy
MPRegen  0.15/turn              (no ring)

@: lethally poisoned (-6 -> -18)
A: beak, talons 3, able to fly 1
a: Fly, Renounce Religion


You were on level 8 of the Dungeon.
You worshipped Vehumet.
Vehumet was aware of your devotion.
You were not hungry.

You visited 2 branches of the dungeon, and saw 9 of its levels.

You collected 348 gold pieces.

Inventory:

Hand Weapons
 e - a +0 short sword
 f - a +0 dagger
 h - a +0 hand axe (weapon)
Missiles
 g - 303 stones
 i - 36 poisoned needles
 v - 4 tomahawks
 B - 3 throwing nets (quivered)
Armour
 p - a +1 pair of gloves (worn)
 q - a +1 robe (worn)
 E - a +2 buckler of protection (worn)
Jewellery
 n - a ring of positive energy (left hand)
 u - an amulet of the gourmand (around neck)
Wands
 b - a wand of clouds (7)
 s - a wand of polymorph (26)
 x - a wand of random effects (42)
 y - a wand of flame (24)
 F - a wand of paralysis (20)
 G - a wand of acid (9)
Scrolls
 d - 2 scrolls of remove curse
 l - a scroll of amnesia
 o - 6 scrolls of identify
 w - a scroll of fog
 z - a scroll of teleportation {unknown}
 A - a scroll of torment {unknown}
 C - 2 scrolls of fear
Potions
 j - a potion of agility
 k - 2 potions of brilliance
 m - 2 potions of mutation
 r - 2 potions of curing
 t - 2 potions of flight
 D - a potion of resistance {unknown}
Comestibles
 c - 16 rations


   Skills:
 - Level 5.0 Fighting
 - Level 5.0 Armour
 - Level 7.5 Dodging
 - Level 2.0 Stealth
 + Level 2.9 Shields
 - Level 4.7 Spellcasting
 - Level 7.0 Conjurations
 - Level 2.0 Fire Magic
 - Level 7.4 Air Magic


You had one spell level left.
You knew the following spells:

 Your Spells              Type           Power        Failure   Level  Hunger
a - Shock                 Conj/Air       ####         1%          1    None
b - Swiftness             Chrm/Air       ###.....     5%          2    #......
c - Static Discharge      Conj/Air       ####....     2%          3    ###....
d - Airstrike             Air            ####......   8%          4    ####...
e - Flame Tongue          Conj/Fire      ###..        2%          1    None
f - Lightning Bolt        Conj/Air       ####......   24%         5    ######.

Your spell library contained the following spells:

 Spells                   Type           Power        Failure   Level  Hunger


Dungeon Overview and Level Annotations

Branches:
Dungeon (8/15)             Temple (1/1) D:7            Lair (0/6) D:8

Altars:
Cheibriados
Dithmenos
Elyvilon
Fedhas
Gozag
Hepliaklqana
Makhleb
Nemelex Xobeh
Okawaru
Qazlal
Trog
Uskayaw
Vehumet
Wu Jian
Xom
Yredelemnul
Zin
The Shining One

Shops:
D:6 *

Annotations:
D:2 Sigmund
D:4 Shaidar's ghost, novice HOFi
D:6 2 transporters, exclusion: upstairs
D:8 Erica


Innate Abilities, Weirdness & Mutations

You have a beak for a mouth.
You have claws for feet.
You can fly.


Message History

Press: ? - help, Shift-Dir - straight line, f/p - Erica
Aim: Erica, wielding a scimitar of flaming and wearing a glowing robe (severely wounded)
The flame tongue misses Erica.
You feel sick. Erica casts a spell at you. The orb of energy hits you!
* * * LOW HITPOINT WARNING * * *
The orb of energy explodes!
Casting: Flame Tongue (safe; 2% risk of failure)
Confirm with . or Enter, or press ? or * to list all spells.
Aiming: Shock (safe; 1% risk of failure)
Press: ? - help, Shift-Dir - straight line, f/p - Erica
Aim: Erica, wielding a scimitar of flaming and wearing a glowing robe (severely wounded)
The zap hits Erica.
Erica is almost dead.
Erica barely misses you.
You feel better. Erica casts a spell at you. The bolt of poison hits you!
You are poisoned.
You die...

#..#..##.# #.#
#.##..##.# #.#
####.##..##.# #.#
............###.##.#
........>.......##.#
#######.#.########.#
#.###.#######.######
#.# ##.....##......#
#. ##.####.@.......#
# #<## #..@######.#
#.........# #
#######...# ##.## #.
#. # #. #


You could see Erica.

Vanquished Creatures
  A hungry ghost (D:7)
  Duvessa (D:7)
  2 ice beasts (D:6)
  3 orc warriors
  A necrophage (D:6)
  3 ogres
  2 centaurs
  2 phantoms
  4 bullfrogs
  A gnoll sergeant (D:7)
  Dowan (D:7)
  3 killer bees (D:7)
  4 wights (D:7)
  A howler monkey (D:5)
  A bullfrog skeleton (D:8)
  An orc priest (D:5)
  A hound (D:8)
  A jelly (D:6)
  2 centaur skeletons
  Ijyb (D:3)
  5 iguanas
  5 orc wizards
  Natasha (thrice) (D:3)
  4 worker ants
  A hound zombie (D:7)
  A hound skeleton (D:6)
  9 gnolls
  8 adders
  3 river rats (D:5)
  3 oozes
  An adder skeleton (D:5)
  6 worms
  A dart slug (D:1)
  5 leopard geckos
  25 orcs
  6 giant cockroaches
  7 goblins
  13 hobgoblins
  7 jackals
  4 quokkas
  8 bats
  6 frilled lizards
  11 kobolds
  2 quokka skeletons (D:7)
  A quokka zombie (D:5)
  7 rats
188 creatures vanquished.

Notes
Turn   | Place    | Note
-------+----------+-------------------------------------------
     0 | D:1      | Oravi the Tengu Air Elementalist began the quest for the Orb.
     0 | D:1      | Reached XP level 1. HP: 10/10 MP: 4/4
   349 | D:1      | Reached XP level 2. HP: 12/15 MP: 0/6
   412 | D:1      | Learned a level 2 spell: Swiftness
   912 | D:1      | Reached XP level 3. HP: 19/19 MP: 2/7
  1471 | D:2      | Noticed Sigmund
  2431 | D:2      | Reached XP level 4. HP: 12/24 MP: 2/9
  2589 | D:2      | Found a shimmering altar of Xom.
  2613 | D:2      | Reached skill level 5 in Air Magic
  3281 | D:3      | Gained mutation: You can fly. [Tengu growth]
  3281 | D:3      | Reached XP level 5. HP: 28/28 MP: 5/10
  3357 | D:3      | Noticed Natasha
  3362 | D:3      | Killed Natasha
  3782 | D:3      | Noticed Natasha
  3794 | D:3      | Killed Natasha
  3974 | D:3      | Found an iron altar of Okawaru.
  4050 | D:3      | Noticed Natasha
  4057 | D:3      | Killed Natasha
  4057 | D:3      | Reached XP level 6. HP: 32/32 MP: 4/12
  4371 | D:3      | Noticed Ijyb
  4384 | D:3      | Killed Ijyb
  4652 | D:3      | Found a snail-covered altar of Cheibriados.
  4841 | D:4      | Noticed a two-headed ogre
  5011 | D:4      | Noticed Shaidar's ghost (novice HOFi)
  5019 | D:5      | Entered Level 5 of the Dungeon
  5118 | D:5      | Reached XP level 7. HP: 36/36 MP: 4/14
  5194 | D:5      | Reached skill level 5 in Conjurations
  5544 | D:5      | Noticed an angel
  5546 | D:5      | Found a glowing silver altar of Zin.
  5548 | D:5      | Found a shimmering altar of Xom.
  5764 | D:5      | Found a hazy altar of Hepliaklqana.
  6257 | D:6      | Found a transporter.
  6265 | D:6      | Noticed a kobold demonologist
  6583 | D:6      | Found a radiant altar of Vehumet.
  6591 | D:6      | Found a transporter.
  6594 | D:6      | Became a worshipper of Vehumet
  6654 | D:5      | Reached XP level 8. HP: 12/41 MP: 9/15
  7069 | D:6      | Reached skill level 1 in Armour
  7196 | D:6      | Noticed a kobold demonologist
  7201 | D:6      | Reached skill level 1 in Fighting
  7201 | D:6      | Reached skill level 5 in Dodging
  7618 | D:6      | Learned a level 3 spell: Static Discharge
  7623 | D:6      | Learned a level 4 spell: Airstrike
  7796 | D:6      | Found Nigumaf's General Store.
  8172 | D:7      | Reached XP level 9. HP: 29/51 MP: 2/17
  8507 | D:7      | Noticed Dowan
  8705 | D:7      | Reached * piety under Vehumet
  8705 | D:7      | Offered knowledge of Flame Tongue by Vehumet.
  8708 | D:7      | Learned a level 1 spell: Flame Tongue
  8726 | D:7      | Noticed Duvessa
  8770 | D:7      | Killed Duvessa
  9030 | D:7      | Killed Dowan
  9160 | D:7      | Found a staircase to the Ecumenical Temple.
  9174 | Temple   | Entered the Ecumenical Temple
  9742 | D:7      | Reached skill level 5 in Armour
  9792 | D:7      | Reached skill level 1 in Fire Magic
 10976 | D:6      | Learned a level 5 spell: Lightning Bolt
 10997 | D:7      | Reached skill level 5 in Fighting
 11050 | D:8      | Reached skill level 1 in Shields
 11241 | D:8      | Found a staircase to the Lair.
 11302 | D:8      | Found a white marble altar of Elyvilon.
 11311 | D:8      | Found an ornate altar of the Wu Jian Council.
 11312 | D:8      | Found a blossoming altar of Fedhas.
 11418 | D:8      | Noticed a two-headed ogre
 11717 | D:8      | Noticed Erica
 11732 | D:8      | Killed from afar by Erica

Vault maps used:
D:1:      evilmike_arrival_rings, minmay_tall_x
D:2:      tgw_xom, uniq_sigmund
D:3:      marbit_many_paths, okawaru_metal_pillars_3, uniq_natasha, uniq_ijyb
D:4:      kennysheep_mini, serial_shops, shop, minmay_misc_feat_columns,
          moated_statue
D:5:      grunt_temple_overflow_order_and_chaos_1,
          nicolae_overflow_hidden_temple, first_ration, gup_sewer_entry_spiral
D:6:      gammafunk_wand_slinger, serial_shops, shop, vehumet_altar_wand_db
D:7:      minmay_temple_entry_grid, grunt_ogre_cave, uniq_duvessa
D:8:      grunt_temple_overflow_magic_moments, grunt_temple_overflow_open,
          dpeg_oklobed_lair, grunt_decor_fettered, serial_bayou_lagoon_a,
          uniq_erica
Temple:   dpeg_chambers_temple

Skill      XL: |  1  2  3  4  5  6  7  8  9 |
---------------+----------------------------+-----
Conjurations   | 2 3 4 6 7 |  7.0
Air Magic      | 5 6 7 |  7.4
Spellcasting   | 3 4 |  4.7
Dodging        | 3 4 6 7 |  7.5
Armour         | 3 5 |  5.0
Fighting       | 3 5 |  5.0
Fire Magic     | 2 |  2.0
Shields        | 2 |  2.9
Stealth        | |  2.0

Action                   |  1- 3 |  4- 6 |  7- 9 || total
-------------------------+-------+-------+-------++-------
Melee: Unarmed           |     4 |     4 |       ||     8
       Peck              |     4 |     1 |     5 ||    10
       Kick              |     4 |     3 |     4 ||    11
       Hand axe          |    25 |     7 |    22 ||    54
Throw: Stone             |    24 |    10 |    17 ||    51
       Throwing net      |       |       |     1 ||     1
 Cast: Shock             |   103 |   185 |   335 ||   623
       Static Discharge  |       |       |    24 ||    24
       Flame Tongue      |       |       |    61 ||    61
       Swiftness         |       |       |     3 ||     3
  Use: Scroll            |     7 |       |     8 ||    15
       Potion            |       |       |     7 ||     7
  Eat: Chunk             |     5 |     9 |    40 ||    54
       Ration            |       |       |     1 ||     1
Armor: Robe              |     6 |     4 |    18 ||    28
Dodge: Dodged            |    19 |    33 |   178 ||   230
Block: Buckler           |       |       |     4 ||     4

Table legend:
 A = Spawn XP
 B = Non-spawn XP
 C = Spawn XP percentage of total XP
 D = Spawn monster count
 E = Non-spawn monster count
 F = Spawn count percentage of total count
 G = Total turns spent on level
                    A         B        C        D         E        F      G
               +---------+---------+-------+---------+---------+-------+---------
         Total |       0 |    4427 |   0.0 |       0 |     188 |   0.0 | 11732
               +---------+---------+-------+---------+---------+-------+---------
           D:1 |       0 |      49 |   0.0 |       0 |      26 |   0.0 |  1529
           D:2 |       0 |     112 |   0.0 |       0 |      24 |   0.0 |  1706
           D:3 |       0 |     291 |   0.0 |       0 |      36 |   0.0 |  1578
           D:4 |       0 |      77 |   0.0 |       0 |      11 |   0.0 |   346
           D:5 |       0 |     646 |   0.0 |       0 |      31 |   0.0 |  1952
           D:6 |       0 |    1029 |   0.0 |       0 |      18 |   0.0 |  1496
           D:7 |       0 |    1840 |   0.0 |       0 |      36 |   0.0 |  2219
           D:8 |       0 |     383 |   0.0 |       0 |       6 |   0.0 |   701
               +---------+---------+-------+---------+---------+-------+---------
